 Dungeon Crawl Stone Soup version 0.21.0-24-g2553a3340b (webtiles) character file.

17 Lektor the Sneak (level 2, -1/13 HPs)
             Began as a Spriggan Enchanter on Jan 22, 2018.
             Slain by a leopard gecko (2 damage)
             ... on level 1 of the Dungeon.
             The game lasted 00:01:51 (989 turns).

Lektor the Sneak (Spriggan Enchanter)                Turns: 989, Time: 00:01:52

Health: -1/13      AC:  2    Str:  4    XL:     2   Next: 44%
Magic:  4/6        EV: 18    Int: 16    God:
Gold:   61         SH:  0    Dex: 16    Spells: 5/6 levels left

rFire    . . .     SeeInvis +   a - +1 dagger
rCold    . . .     Gourm    .   (shield restricted)
rNeg     . . .     Faith    .   b - +0 robe
rPois    .         Spirit   .   (helmet restricted)
rElec    .         Reflect  .   (no cloak)
rCorr    .         Harm     .   (gloves unavailable)
MR       .....                  (boots unavailable)
Stlth    +++.......             (no amulet)
HPRegen  0.04/turn              (no ring)
MPRegen  0.10/turn              (no ring)

@: very quick
A: very small, unfitting armour, see invisible, herbivore, speed 3, slow
metabolism 2
a: no special abilities


You were on level 1 of the Dungeon.
You were not hungry.

You visited 1 branch of the dungeon, and saw 1 of its levels.

You collected 61 gold pieces.

Inventory:

Hand Weapons
 a - a +1 dagger (weapon)
Missiles
 g - 22 bolts
Armour
 b - a +0 robe (worn)
Scrolls
 e - a scroll of identify {unknown}
Potions
 f - a potion of lignification {unknown}
Books
 c - a book of Maledictions

   Spells                             Type                      Level
   a - Corona                         Hexes                        1
   b - Ensorcelled Hibernation        Hexes/Ice                    2
   c - Confuse                        Hexes                        3
   d - Tukima's Dance                 Hexes                        3
   e - Dazzling Spray                 Conjuration/Hexes            3
Comestibles
 d - a ration


   Skills:
 + Level 2.0 Short Blades
 - Level 3.0 Dodging
 + Level 4.6 Stealth
 - Level 2.6 Spellcasting
 + Level 4.1 Hexes


You had 5 spell levels left.
You knew the following spells:

 Your Spells              Type           Power        Failure   Level  Hunger
a - Corona                Hex            ###....      3%          1    #......


Dungeon Overview and Level Annotations

Branches:
Dungeon (1/15)

Altars:


Innate Abilities, Weirdness & Mutations

You are very small and have problems with some larger weapons.
You are too small for most types of armour.
You have supernaturally acute eyesight. (SInv)
You are a herbivore.
You cover ground extremely quickly.
You need consume almost no food.


Message History

The hobgoblin hits you with a club.
You hit the hobgoblin but do no damage.
The hobgoblin is almost dead.
The hobgoblin completely misses you.
You hit the hobgoblin.
You kill the hobgoblin!
Casting: Corona
Confirm with . or Enter, or press ? or * to list all spells.
Aiming: Corona
Press: ? - help, Shift-Dir - straight line, f - leopard gecko
Aim: a leopard gecko (clinging, chance to defeat MR: 69%)
The leopard gecko barely resists.
The leopard gecko misses you.
You closely miss the leopard gecko. The leopard gecko closely misses you.
You hit the leopard gecko but do no damage.
The leopard gecko bites you.
* * * LOW HITPOINT WARNING * * *
You hit the leopard gecko.
The leopard gecko is moderately wounded.
The leopard gecko bites you.
You die...

≈≈P.....≈P.≈.....#
#.............
.P≈.P....≈..≈...##
#.......######
..≈≈...P##..#
#.....l.######
...##≈. #.##
#.............
≈≈.# #.##
#............. ##
#..##
#.............
##..#
#.............
##.#
#........g.... #@#
#######.......
##l# #....... #lr#
#....... ###h##
#....... #...#
#....... #.#.#
#....... ...#...
#.......
...$....#.#
#.....$...# #


You could see 2 leopard geckos, a jackal and a rat.

Vanquished Creatures
  2 dart slugs (D:1)
  A leopard gecko (D:1)
  A giant cockroach (D:1)
  3 hobgoblins (D:1)
  A kobold (D:1)
  3 frilled lizards (D:1)
  A rat (D:1)
12 creatures vanquished.

Notes
Turn   | Place    | Note
-------+----------+-------------------------------------------
     0 | D:1      | Lektor the Spriggan Enchanter began the quest for the Orb.
     0 | D:1      | Reached XP level 1. HP: 9/9 MP: 5/5
   263 | D:1      | Reached XP level 2. HP: 3/13 MP: 6/6
   989 | D:1      | Slain by a leopard gecko

Skill      XL: |  1  2 |
---------------+-------+-----
Hexes          | 4 |  4.1
Short Blades   | 2 |  2.0
Dodging        | |  3.0
Stealth        | |  4.6
Spellcasting   | |  2.6

Action                   || total
-------------------------++-------
Melee: Dagger            ||    94
 Cast: Corona            ||     2
 Stab: Distracted        ||     1
       Sleeping          ||     1
Armor: Robe              ||     4
Dodge: Dodged            ||    60
